 Dungeon Crawl Stone Soup version 0.26-a0-642-g67e99244d3 (webtiles) character file.

Game seed: 1166734475323461118

65 Descartes the Covert (level 3, 0/17 HPs)
             Began as a Felid Delver on Sept 21, 2020.
             Slain by a worm (3 damage)
             ... on level 3 of the Dungeon.
             The game lasted 00:03:07 (2548 turns).

Descartes the Covert (Felid Delver)                 Turns: 2548, Time: 00:03:08

Health: 0/17       AC:  1    Str:  9    XL:     3   Next: 92%
Magic:  4/4        EV: 19    Int: 11    God:
Gold:   173        SH:  0    Dex: 17    Spells: 2/2 levels left
                                        Lives:  0   Deaths: 1

rFire    . . .     SeeInvis +     - Unarmed
rCold    . . .     Faith    .   (shield unavailable)
rNeg     . . .     Spirit   .   (armour unavailable)
rPois    .         Reflect  .   (helmet unavailable)
rElec    .         Harm     .   (cloak unavailable)
rCorr    .         Rampage  .   (gloves unavailable)
MR       .....                  (boots unavailable)
Stlth    +++++.....             (no amulet)
HPRegen  0.05/turn              (no ring)
MPRegen  0.09/turn              (no ring)

@: quick
A: very small, no armour, no weapons or thrown items, stealth, claws 1, fangs 3,
see invisible, speed 1, shaggy fur 1, sharp paws
a: no special abilities


You were on level 3 of the Dungeon.
You visited 1 branch of the dungeon, and saw 5 of its levels.

You collected 173 gold pieces.

Inventory:

Missiles
 k - 18 arrows
 l - 57 stones
Wands
 e - a wand of digging (3)
Scrolls
 a - 3 scrolls of fog
 b - a scroll of magic mapping
 c - a scroll of fear
 f - 3 scrolls of teleportation {unknown}
 h - 2 scrolls of identify {unknown}
 i - 3 scrolls of remove curse {unknown}
 j - a scroll of amnesia {unknown}
 m - a scroll of blinking {unknown}
 r - a scroll of noise {unknown}
 s - a scroll of enchant weapon {unknown}
Potions
 d - a potion of haste
 g - a potion of mutation {unknown}
 n - 2 potions of might {unknown}
 o - a potion of ambrosia {unknown}
 p - 2 potions of heal wounds {unknown}
 q - a potion of curing {unknown}


   Skills:
 - Level 3.0 Fighting
 + Level 4.1 Dodging
 + Level 8.9 Stealth
 - Level 2.0 Unarmed Combat


You had 2 spell levels left.
You didn't know any spells.
Your spell library was empty.

Dungeon Overview and Level Annotations

Branches:
Dungeon (5/15)
 Temple: D:4-7

Altars:

Annotations:
D:2 Natasha
D:4 exclusion: adder


Innate Abilities, Weirdness & Mutations

You cannot wear armour.
You are incapable of wielding weapons or throwing items.
Your paws allow you to move quietly. (Stealth)
You have sharp claws.
You have razor-sharp teeth.
You have supernaturally acute eyesight. (SInv)
You cover ground quickly.
You are covered in fur. (AC +1)
Your sharp claws are effective at attacking unaware monsters.


Message History

You scratch the rat.
You kill the rat!
Things that are here:
a rat corpse; a frilled lizard corpse You barely miss the worm.
The worm bites you.
You scratch the worm.
The worm is moderately wounded.
You scratch the worm but do no damage.
The worm is moderately wounded.
The worm bites you.
* * * LOW HITPOINT WARNING * * *
You scratch the worm.
The worm is moderately wounded.
You scratch the worm.
The worm is heavily wounded.
The worm misses you.
You scratch the worm but do no damage. You bite the worm.
The worm is heavily wounded.
The worm bites you.
You die...

#................#
#...............#
#.........)[...#.
#...............(
#........w.....#.
##...............
###.##.......... #.##
#w##..........
#....####
#@###!........
#...<####.# #...$.....
####.>....###.........
##........#......#
#.).<.........
#............<
#..........###
#............
#.........####


You could see a worm.

Vanquished Creatures
  Natasha (D:2)
  A hound skeleton (D:4)
  2 adders
  An ooze (D:2)
  3 worms (D:2)
  2 dart slugs (D:2)
  3 leopard geckos
  4 giant cockroaches (D:1)
  8 goblins
  4 hobgoblins
  10 kobolds
  3 ball pythons (D:1)
  5 bats
  5 frilled lizards
  4 rats
56 creatures vanquished.

Notes
Turn   | Place    | Note
-------+----------+-------------------------------------------
     0 | D:5      | Descartes the Felid Delver began the quest for the Orb.
     0 | D:5      | Reached XP level 1. HP: 10/10 MP: 2/2
   172 | D:4      | Reached skill level 7 in Stealth
   172 | D:4      | Reached XP level 2. HP: 14/14 MP: 3/3
   398 | D:1      | Reached XP level 3. HP: 17/17 MP: 4/4
   492 | D:1      | Reached skill level 8 in Stealth
  1716 | D:2      | Reached XP level 4. HP: 3/21 MP: 5/5
  2133 | D:2      | Noticed Natasha
  2138 | D:2      | Killed Natasha
  2399 | D:2      | Noticed Natasha
  2409 | D:2      | Slain by Natasha
  2410 | D:2      | Reached XP level 3. HP: -5/17 MP: 4/4
  2548 | D:3      | Slain by a worm

Illustrated notes

Levels and vault maps discovered:
D:1:      roderic_chinese_lattice_arrival, layout_basic, minivault_5,
          minmay_misc_feat_chi
D:2:      layout_loops_ring, uniq_natasha
D:3:      layout_rooms, chequers_temple_overflow_statue_of_worship,
          trog_three_pillars_becter
D:4:      layout_gridville, minmay_temple_entry_drinking_statues,
          minmay_mini_ossuary
D:5:      layout_basic, st_stairs_7, eino_tiny_chamber, uniq_duvessa,
          uniq_blork_the_orc, uniq_sigmund

Skill      XL: |  1  2  3  4 |
---------------+-------------+-----
Stealth        | 7 8 |  8.9
Dodging        | 3 4 |  4.1
Fighting       | |  3.0
Unarmed Combat | |  2.0

Action                   |  1- 3 |  4- 6 || total
-------------------------+-------+-------++-------
Melee: Unarmed           |   102 |    38 ||   140
       Bite              |     6 |     2 ||     8
       Punch             |     2 |     1 ||     3
 Stab: Sleeping          |    23 |     7 ||    30
       Distracted        |     1 |       ||     1
Armor: Skin              |     5 |       ||     5
Dodge: Dodged            |    58 |    15 ||    73

Table legend: (Time is in decaauts)
 A = Elapsed time spent in this place.
 B = Non-inter-level travel time spent in this place.
 C = Inter-level travel time spent in this place.
 D = Time resting spent in this place.
 E = Time spent auto-exploring this place.
 F = Levels seen in this place.
 G = Mean time per level.
                   A        B        C        D        E       F      G
               +--------+--------+--------+--------+--------+-----+--------+
         Total |   2185 |   2132 |     53 |      0 |   1756 |   5 |  437.0 |
       Dungeon |   2185 |   2132 |     53 |      0 |   1756 |   5 |  437.0 |
               +--------+--------+--------+--------+--------+-----+--------+

Top non-repeatable levels by time:
     D:2: 1003 daAuts
     D:1: 928 daAuts
     D:4: 166 daAuts
     D:3: 62 daAuts
     D:5: 25 daAuts
